 Dungeon Crawl Stone Soup version 0.24.1 (webtiles) character file.

Game seed: 17238492752279159299, levelgen mode: deterministic

10844 BreadTh the Basher (level 11, -7/99 HPs)
             Began as a Minotaur Hunter on Mar 26, 2020.
             Was a Priest of the Shining One.
             Mangled by Snorg (8 damage)
             ... on level 11 of the Dungeon.
             The game lasted 00:46:12 (11590 turns).

BreadTh the Basher (Minotaur Hunter)               Turns: 11590, Time: 00:46:13

Health: -7/99      AC: 18    Str: 16    XL:     11   Next: 41%
Magic:  16/16      EV: 14    Int:  4    God:    the Shining One [***...]
Gold:   542        SH:  0    Dex: 15    Spells: 10/10 levels left

rFire    + . .     SeeInvis .   K - +5 morningstar
rCold    . . .     Gourm    +   (no shield)
rNeg     + + .     Faith    .   A - +5 scale mail "Gyow" {rC+ rN+ Int-4}
rPois    +         Spirit   .   (helmet restricted)
rElec    .         Reflect  .   l - +1 cloak {rPois}
rCorr    .         Harm     .   t - +1 pair of gloves
MR       .....     Clarity  +   H - +0 pair of boots
Stlth    ..........             m - amulet of the gourmand
HPRegen  0.26/turn              y - ring of magical power
MPRegen  0.15/turn              M - ring of fire

@: glowing
A: retaliatory headbutt, horns 2, clarity, low mp 2, poison resistance
a: Divine Shield, Renounce Religion


You were on level 11 of the Dungeon.
You worshipped the Shining One.
The Shining One was most pleased with you.
You were very full.

You visited 2 branches of the dungeon, and saw 12 of its levels.
You also visited: Sewer.

You collected 542 gold pieces.

Inventory:

Hand Weapons
 a - a +2 hand crossbow
 v - a +0 triple crossbow
 C - a +5 arbalest
 D - a +0 flail of protection
 K - a +5 morningstar (weapon)
Missiles
 d - 35 bolts
Armour
 i - the +2 robe "Peshunor" {-Cast rN+++ MR++ Int-4}
   (You found it on level 10 of the Dungeon)

   It affects your intelligence (-4).
   It renders you almost immune to negative energy.
   It affects your resistance to hostile enchantments.
   It prevents spellcasting.
 l - a +1 cloak of poison resistance (worn)
 t - a +1 pair of gloves (worn)
 A - the +5 scale mail "Gyow" (worn) {rC+ rN+ Int-4}
   (You found it on level 4 of the Dungeon)

   It affects your intelligence (-4).
   It protects you from cold.
   It protects you from negative energy.
 H - a +0 pair of boots (worn)
 L - a +2 leather armour of fire resistance
Jewellery
 m - an amulet of the gourmand (around neck)
 y - a ring of magical power (left hand)
 M - a ring of fire (right hand)
Wands
 r - a wand of iceblast (13)
 u - a wand of disintegration (7)
 w - a wand of polymorph (7)
 I - a wand of paralysis (10)
Scrolls
 g - a scroll of brand weapon {unknown}
 j - a scroll of enchant weapon
 k - 6 scrolls of teleportation
 n - 3 scrolls of enchant armour
 q - a scroll of identify
 B - 6 scrolls of remove curse
 E - a scroll of fear
Potions
 b - a potion of ambrosia
 c - 3 potions of might
 e - 3 potions of magic
 h - a potion of invisibility {unknown}
 o - 7 potions of curing
 p - a potion of brilliance
 s - 2 potions of heal wounds
 x - 2 potions of agility
 z - 2 potions of haste
 J - a potion of lignification
Comestibles
 f - 28 rations


   Skills:
 - Level 10.0 Fighting
 * Level 12.1 Maces & Flails
 - Level 10.0 Crossbows
 + Level 6.9 Armour
 + Level 8.4 Dodging
 - Level 1.0 Stealth


You had 10 spell levels left.
You didn't know any spells.
Your spell library contained the following spells:

 Spells                   Type           Power        Failure   Level  Hunger
 Magic Dart               Conj           #...         87%         1    ##.....
 Searing Ray              Conj           #.....       95%         2    ###....
 Dazzling Spray           Conj/Hex       #.....       99%         3    ####...
 Cause Fear               Hex            #.........   100%        4    #####..
 Force Lance              Conj/Tloc      #.......     100%        4    #####..
 Fulminant Prism          Conj/Hex       #.........   100%        4    #####..
 Iskenderun's Mystic Bla  Conj           #.......     100%        4    #####..
 Silence                  Hex/Air        #.........   100%        5    ######.
 Yara's Violent Unravell  Hex/Tmut       #.........   100%        5    ######.
 Deflect Missiles         Chrm/Air       #.........   100%        6    #######
 Discord                  Hex            #.........   100%        8    #######


Dungeon Overview and Level Annotations

Branches:
Dungeon (11/15)            Temple (1/1) D:4            Lair (0/6) D:10
    Orc (0/2) D:9           Sewer (visited)

Altars:
Ashenzari
Cheibriados
Dithmenos
Elyvilon
Fedhas
Gozag
Hepliaklqana
Kikubaaqudgha
Makhleb
Nemelex Xobeh
Okawaru
Qazlal
Ru
Sif Muna
Trog
Uskayaw
Vehumet
Wu Jian
Xom
Yredelemnul
Zin
The Shining One

Shops:
D:7 *

Annotations:
D:11 Snorg


Innate Abilities, Weirdness & Mutations

You reflexively headbutt those who attack you in melee.
You have a pair of horns on your head.
You possess an exceptional clarity of mind.
Your magical capacity is very low. (-20% MP)
Your system is resistant to poisons. (rPois)


Message History

Snorg barely misses you. x2
You hit Snorg.
Snorg is moderately wounded.
Snorg misses you. You furiously retaliate!
You headbutt Snorg! Snorg claws you but does no damage. x2
You closely miss Snorg. You headbutt Snorg!
Snorg is heavily wounded.
Snorg bites you! Snorg claws you but does no damage. Snorg claws you!
You hit Snorg.
Snorg is heavily wounded.
Snorg bites you!!
* * * LOW HITPOINT WARNING * * *
Snorg claws you!
* * * LOW HITPOINT WARNING * * *
Snorg claws you.
* * * LOW HITPOINT WARNING * * *
The ice beast closely misses you. Snorg bites you!
* * * LOW HITPOINT WARNING * * *
Snorg claws you!
You die...

........##......#
.......###..(...#
.......+...#.####
#......#####.#####
#......##....##..#+
#....####.##.'รท...##.....##
####.####.####....#?.....)# #
#.#....# ##..##?..8..!#
####.#.#### ##@## .....)#
.....#.#########YT##.nT..#
.#...#.......##....##...
.#.#...#...#.##....(#'#
##.###.#...#.###..##..##
...###.#...#...####....+
###....#...#.#.####....#
######.....#....##..###########
###.###.##.#####.........#


You could see Snorg (berserk) and an ice beast.

Vanquished Creatures
  2 hydras
  A two-headed ogre (D:8)
  An ice statue (D:10)
  Psyche (D:11)
  2 trolls
  4 hogs (D:8)
  2 wraiths
  6 yaks
  A wyvern (D:10)
  A human (D:8)
  A hungry ghost (D:9)
  4 vampire mosquitoes (D:10)
  Menkaure (D:7)
  2 orc warriors
  Purgy (Sewer)
  3 ice beasts
  2 black bears (D:8)
  6 phantoms
  A sky beast (D:11)
  A necrophage (D:11)
  2 centaurs
  4 ogres
  A crocodile (D:11)
  A gnoll sergeant (D:9)
  3 bullfrogs
  4 scorpions
  12 killer bees
  5 wights (D:10)
  A howler monkey (D:8)
  A jelly (D:11)
  2 crimson imps
  A bullfrog zombie (D:8)
  3 quasits
  3 hounds
  14 orc wizards
  Crazy Yiuf (D:7)
  6 orc priests
  A bullfrog skeleton (D:6)
  A gnoll shaman (D:4)
  Jessica (D:3)
  An iguana (D:7)
  Natasha (D:3)
  8 worker ants
  A hound skeleton (D:4)
  8 gnolls
  14 adders
  A river rat (D:3)
  3 shadow imps
  An ooze (D:7)
  An adder zombie (D:4)
  An adder skeleton (D:5)
  A worm (D:3)
  4 dart slugs
  6 leopard geckos
  65 orcs
  9 bats
  7 giant cockroaches
  A goblin (D:1)
  6 hobgoblins
  12 jackals
  3 quokkas
  5 ball pythons
  7 frilled lizards
  A giant cockroach zombie (D:6)
  A jackal skeleton (D:4)
  10 kobolds
  A leopard gecko skeleton (D:5)
  A quokka skeleton (D:7)
  8 rats
  A butterfly (D:6)
299 creatures vanquished.

Vanquished Creatures (others)
  A swamp drake (D:9)
  An ogre (D:9)
2 creatures vanquished.

Grand Total: 301 creatures vanquished

Notes
Turn   | Place    | Note
-------+----------+-------------------------------------------
     0 | D:1      | BreadTh the Minotaur Hunter began the quest for the Orb.
     0 | D:1      | Reached XP level 1. HP: 18/18 MP: 0/0
   156 | D:1      | Reached skill level 1 in Stealth
   235 | D:1      | Reached XP level 2. HP: 25/25 MP: 1/1
   596 | D:1      | You fall into a shaft and drop 1 floor!
   622 | D:2      | Reached XP level 3. HP: 25/31 MP: 2/2
  1172 | D:2      | Reached skill level 5 in Crossbows
  1471 | D:2      | Reached XP level 4. HP: 38/38 MP: 3/3
  2227 | D:3      | Reached XP level 5. HP: 34/45 MP: 4/4
  2387 | D:3      | Noticed Natasha
  2449 | D:3      | Found a glowing drain.
  2476 | Sewer    | Entered a sewer
  2720 | Sewer    | Noticed Purgy
  2733 | Sewer    | Killed Purgy
  2733 | Sewer    | Reached skill level 1 in Maces & Flails
  2733 | Sewer    | Reached skill level 5 in Dodging
  2733 | Sewer    | Reached XP level 6. HP: 25/51 MP: 5/5
  2964 | D:3      | Killed Natasha
  3061 | D:3      | Noticed Jessica
  3069 | D:3      | Killed Jessica
  3378 | D:4      | Reached skill level 2 in Maces & Flails
  3416 | D:4      | Found a shattered altar of Ashenzari.
  3473 | D:4      | Reached XP level 7. HP: 51/59 MP: 6/6
  3503 | D:4      | Reached skill level 3 in Maces & Flails
  3536 | D:4      | Got a spiked scale mail
  3542 | D:4      | Identified the +5 scale mail "Gyow" {rC+ rN+ Int-4} (You
                  | found it on level 4 of the Dungeon)
  3609 | D:4      | Reached skill level 5 in Fighting
  3813 | D:4      | Found a glowing silver altar of Zin.
  3814 | D:4      | Found a hazy altar of Hepliaklqana.
  3886 | D:4      | Found a shadowy altar of Dithmenos.
  3894 | D:4      | Found a hide-covered altar of Uskayaw.
  3895 | D:4      | Found a radiant altar of Vehumet.
  3999 | D:4      | Found a staircase to the Ecumenical Temple.
  4006 | Temple   | Entered the Ecumenical Temple
  4132 | Temple   | Became a worshipper of the Shining One
  4208 | D:5      | Entered Level 5 of the Dungeon
  4217 | D:5      | Reached skill level 4 in Maces & Flails
  4509 | D:5      | Reached XP level 8. HP: 65/70 MP: 7/7
  4706 | D:5      | Reached skill level 5 in Maces & Flails
  5198 | D:6      | Reached * piety under the Shining One
  5229 | D:6      | Found a shimmering altar of Xom.
  5342 | D:6      | Reached skill level 6 in Maces & Flails
  5671 | D:6      | Found a sparkling altar of Nemelex Xobeh.
  5750 | D:7      | Found Pycias's Assorted Antiques.
  5776 | D:7      | Gained mutation: You possess an exceptional clarity of
                  | mind. [potion of mutation]
  5776 | D:7      | Gained mutation: Your magical capacity is low. (-10% MP)
                  | [potion of mutation]
  5776 | D:7      | Gained mutation: Your magical capacity is very low. (-20%
                  | MP) [potion of mutation]
  5776 | D:7      | Gained mutation: Your system is resistant to poisons.
                  | (rPois) [potion of mutation]
  6115 | D:7      | Found a runed translucent door.
  6116 | D:7      | Noticed Crazy Yiuf
  6170 | D:7      | Reached XP level 9. HP: 80/80 MP: 6/6
  6172 | D:7      | Reached skill level 7 in Maces & Flails
  6221 | D:7      | Killed Crazy Yiuf
  6264 | D:7      | Reached ** piety under the Shining One
  6280 | D:7      | Found an iron altar of Okawaru.
  6350 | D:7      | Noticed Menkaure
  6359 | D:7      | Killed Menkaure
  6394 | D:7      | Found a sacrificial altar of Ru.
  6604 | D:7      | Found an ornate altar of the Wu Jian Council.
  7055 | D:8      | Noticed a two-headed ogre
  7065 | D:8      | Killed a two-headed ogre
  7065 | D:8      | Reached skill level 8 in Maces & Flails
  7276 | D:8      | Found an ancient bone altar of Kikubaaqudgha.
  7276 | D:8      | Found a blossoming altar of Fedhas.
  7557 | D:8      | Found an iron altar of Okawaru.
  7665 | D:8      | Reached skill level 9 in Maces & Flails
  7665 | D:8      | Reached XP level 10. HP: 76/90 MP: 7/7
  8583 | D:9      | Reached skill level 10 in Crossbows
  8797 | D:9      | Found a staircase to the Orcish Mines.
  8920 | D:10     | Entered Level 10 of the Dungeon
  8945 | D:10     | Reached skill level 10 in Maces & Flails
  8983 | D:10     | Reached *** piety under the Shining One
  9020 | D:10     | Found a staircase to the Lair.
  9345 | D:10     | Reached skill level 5 in Armour
  9390 | D:10     | Noticed an ice statue
  9435 | D:10     | Killed an ice statue
 10005 | D:10     | Got a twisted robe
 10006 | D:10     | Identified the +2 robe "Peshunor" {-Cast rN+++ MR++ Int-4}
                  | (You found it on level 10 of the Dungeon)
 10091 | D:11     | Noticed a four-headed hydra
 10092 | D:11     | Noticed Psyche
 10098 | D:10     | Killed a four-headed hydra
 10098 | D:10     | Reached skill level 10 in Fighting
 10098 | D:10     | Reached skill level 11 in Maces & Flails
 10098 | D:10     | Reached XP level 11. HP: 85/99 MP: 7/7
 10297 | D:11     | Killed Psyche
 11286 | D:11     | Noticed a four-headed hydra
 11295 | D:11     | Killed a four-headed hydra
 11295 | D:11     | Reached skill level 12 in Maces & Flails
 11573 | D:11     | Noticed Snorg
 11590 | D:11     | HP: 1/99 [Snorg (9)]
 11590 | D:11     | Mangled by Snorg

Levels and vault maps discovered:
D:1:      minmay_arrival_jagged, layout_loops_cross, serial_bayou_lake_a
D:2:      layout_basic
D:3:      layout_basic, portal_sewer_entry_e, uniq_jessica, uniq_natasha
D:4:      layout_cave_pools, gammafunk_temple_overflow_statue,
          cheibrodos_ashenzari_chains, minitemple, minmay_temple_entry_grid,
          chequers_serial_rivers_micro_c
D:5:      layout_loops_ring, serial_bayou, serial_bayou_ford_a,
          serial_bayou_crossing, serial_bayou_lagoon_b, serial_bayou_shore_b,
          first_ration
D:6:      layout_rooms, nicolae_overflow_hidden_temple, xom_butterflies
D:7:      layout_basic, kennysheep_mini, nicolae_ru_awakened_eye, basic_altar,
          serial_shops, nicolae_shop_trees, uniq_menkaure,
          uniq_crazy_yiuf_cottage
D:8:      layout_cave_pools, grunt_temple_overflow_growth_and_decay,
          okawaru_gym_becter, grunt_livestock, dk_rats_in_the_wall
D:9:      layout_rooms, erik_orc_1
D:10:     minmay_statue_hallways, layout_basic, lair_entry_dummy
D:11:     minmay_bubble_buster, layout_basic, uniq_psyche, uniq_snorg
Temple:   nicolae_temple_figure_zero

Skill      XL: |  1  2  3  4  5  6  7  8  9 10 11 |
---------------+----------------------------------+-----
Stealth        | 1 |  1.0
Fighting       | 3 4 5 7 8 10 | 10.0
Dodging        | 3 4 5 6 7 8 |  8.4
Crossbows      | 5 6 7 8 9 10 | 10.0
Maces & Flails | 1 2 4 6 9 11 12 | 12.1
Armour         | 3 5 6 |  6.9

Action                   |  1- 3 |  4- 6 |  7- 9 | 10-12 || total
-------------------------+-------+-------+-------+-------++-------
Melee: Short sword       |    41 |       |       |       ||    41
       Headbutt          |    14 |    20 |    60 |    74 ||   168
       Whip              |    13 |       |       |       ||    13
       Flail             |    33 |   136 |   355 |   190 ||   714
       Morningstar       |       |       |       |   148 ||   148
 Fire: Hand crossbow     |       |     4 |    18 |       ||    22
       Arbalest          |       |       |       |     1 ||     1
  Use: Scroll            |       |     5 |     4 |    11 ||    20
       Potion            |       |       |     3 |       ||     3
 Stab: Sleeping          |     1 |       |       |       ||     1
  Eat: Chunk             |    15 |     8 |    15 |    20 ||    58
Armor: Leather armour    |    16 |    47 |       |       ||    63
       Troll leather arm |       |     6 |     7 |       ||    13
       Scale mail        |       |       |   205 |   142 ||   347
Dodge: Dodged            |    64 |   142 |   225 |   194 ||   625
